[Event "DEN-chT XtraCon 2018-19"]
[Site "Denmark"]
[Date "2018.12.09"]
[Round "4"]
[White "Sobjerg, Erik"]
[Black "Ramsdal, Jens Albert"]
[Result "1/2-1/2"]
[ECO "A05"]
[WhiteElo "2252"]
[BlackElo "2246"]
[Annotator "NA"]
[PlyCount "80"]
[EventDate "2018.10.27"]
[EventType "team-tourn"]
[EventCountry "DEN"]
[SourceTitle "playchess.com"]
[Source "ChessBase"]
[SourceQuality "1"]
[TimeControl "40/5400+30:1800+30"]

1. Nf3 Nf6 2. c4 g6 3. Nc3 Bg7 4. e4 d6 5. d4 O-O 6. h3 c5 7. Be3 cxd4 8. Nxd4 Nc6 9. Be2 Bd7 10. O-O Nxd4 11. Bxd4 Bc6 12. Qc2 a5 13. Rad1 Nd7 14. Bxg7 Kxg7 15. Bg4 Rc8 16. Rfe1 Rc7 17. Bxd7 Rxd7 18. Nd5 Bxd5 19. Rxd5 f6 20. h4 Rc7 21. Re3 Qc8 22. b3 Rc5 23. Qe2 b6 24. f4 Rf7 25. h5 e5 26. hxg6 hxg6 27. f5 Rxd5 28. fxg6 Rf8 29. Rh3 Qxh3 30. gxh3 Rd4 31. Qg4 Rh8 32. h4 f5 33. Qxf5 Rxh4 34. Qf7+ Kh6 35. Qh7+ Kg5 36. Qe7+ Kg4 37. g7 Rd1+ 38. Kf2 Rh2+ 39. Ke3 Re1+ 40. Kd3 Rd1+ 1/2-1/2

[Event "DEN-chT XtraCon 2018-19"]
[Site "Denmark"]
[Date "2018.12.09"]
[Round "4"]
[White "Rewitz, Poul"]
[Black "Vinter-Schou, Uffe"]
[Result "0-1"]
[ECO "B06"]
[WhiteElo "2240"]
[BlackElo "2334"]
[Annotator "NA"]
[PlyCount "74"]
[EventDate "2018.10.27"]
[EventType "team-tourn"]
[EventCountry "DEN"]
[SourceTitle "playchess.com"]
[Source "ChessBase"]
[SourceQuality "1"]
[TimeControl "40/5400+30:1800+30"]

1. e4 g6 2. d4 Bg7 3. Nc3 c5 4. d5 d6 5. Nf3 Nf6 6. Be2 O-O 7. O-O Na6 8. a4 Nb4 9. Bf4 Nh5 10. Bg5 h6 11. Be3 b6 12. Qc1 Kh7 13. Nb5 f5 14. c3 fxe4 15. cxb4 exf3 16. Bxf3 Rxf3 17. gxf3 Bh3 18. Re1 Qf8 19. f4 Qf5 20. f3 Qxd5 21. Kf2 Rf8 22. bxc5 bxc5 23. Nc3 Qc6 24. Ne4 e5 25. Rd1 exf4 26. Bd4 Rc8 27. Bxg7 d5 28. Qxc5 dxe4 29. Qxc6 Rxc6 30. Bc3 e3+ 31. Ke2 g5 32. Rd8 Be6 33. Rad1 g4 34. R1d7+ Bxd7 35. Rxd7+ Kg6 36. fxg4 Nf6 37. Kf3 Nxd7 0-1

[Event "DEN-chT XtraCon 2018-19"]
[Site "Denmark"]
[Date "2018.12.09"]
[Round "4"]
[White "Hansen, Lars"]
[Black "Ochsner, Thomas"]
[Result "0-1"]
[ECO "A45"]
[WhiteElo "2206"]
[BlackElo "2281"]
[Annotator "ChessBase"]
[PlyCount "78"]
[EventDate "2018.10.27"]
[EventType "team-tourn"]
[EventCountry "DEN"]
[SourceTitle "playchess.com"]
[Source "ChessBase"]
[SourceQuality "1"]
[TimeControl "40/5400+30:1800+30"]

1. d4 Nf6 2. Bg5 c5 3. d5 g6 4. Nc3 Bg7 5. e4 d6 6. Nf3 O-O 7. Qd2 Bg4 8. Bh6 Nbd7 9. Be2 Re8 10. O-O Rb8 11. Bxg7 Kxg7 12. Ng5 Bxe2 13. Qxe2 h6 14. Nh3 b5 15. f3 Qa5 16. Nd1 e6 17. dxe6 fxe6 18. f4 Qb4 19. Nhf2 d5 20. c3 Qc4 21. Qc2 Qa4 22. b3 Qa5 23. e5 Ng8 24. Ne3 Rf8 25. Nd3 Qb6 26. c4 bxc4 27. bxc4 d4 28. Ng4 Qc6 29. Ngf2 Ne7 30. g4 h5 31. Qe2 hxg4 32. Nxg4 Nf5 33. Qg2 Rfc8 34. Qxc6 Rxc6 35. Kf2 Ra6 36. Kf3 Rh8 37. Ke4 Rh3 38. Rfb1 Rb6 39. Rxb6 axb6 0-1

[Event "DEN-chT XtraCon 2018-19"]
[Site "Denmark"]
[Date "2018.12.09"]
[Round "4"]
[White "Kristensen, Bjarke Hautop"]
[Black "Carstensen, Jacob"]
[Result "1-0"]
[ECO "A05"]
[WhiteElo "2179"]
[BlackElo "2361"]
[Annotator "NA"]
[PlyCount "87"]
[EventDate "2018.10.27"]
[EventType "team-tourn"]
[EventCountry "DEN"]
[SourceTitle "playchess.com"]
[Source "ChessBase"]
[SourceQuality "1"]
[TimeControl "40/5400+30:1800+30"]

1. Nf3 Nf6 2. c4 e6 3. Nc3 d5 4. e3 c6 5. b3 Bd6 6. Bb2 O-O 7. Be2 Nbd7 8. Qc2 Qe7 9. Rg1 dxc4 10. bxc4 e5 11. g4 Rd8 12. g5 Ne8 13. h4 Nf8 14. Ne4 Bc7 15. Qc3 Bf5 16. Ng3 Bg4 17. Nxe5 Bxe2 18. Kxe2 Bxe5 19. Qxe5 Qxe5 20. Bxe5 Ng6 21. f4 Nd6 22. Bxd6 Rxd6 23. h5 Nf8 24. d4 b5 25. c5 Rd7 26. a4 b4 27. a5 Re8 28. Kf3 Ne6 29. Rgb1 Nc7 30. Rxb4 Rxe3+ 31. Kxe3 Nd5+ 32. Ke4 Nxb4 33. Rb1 Na6 34. Nf5 g6 35. hxg6 hxg6 36. Nd6 Re7+ 37. Kd3 Kf8 38. Kc4 Rd7 39. Rb7 Rxb7 40. Nxb7 Ke7 41. Nd6 Nc7 42. Nc8+ Kd7 43. Nxa7 Ne6 44. Nxc6 1-0

[Event "DEN-chT XtraCon 2018-19"]
[Site "Denmark"]
[Date "2018.12.09"]
[Round "4"]
[White "Vesterli, Michael E."]
[Black "Ostergaard, Jens"]
[Result "1/2-1/2"]
[ECO "D61"]
[WhiteElo "2166"]
[BlackElo "2204"]
[Annotator "NA"]
[PlyCount "121"]
[EventDate "2018.10.27"]
[EventType "team-tourn"]
[EventCountry "DEN"]
[SourceTitle "playchess.com"]
[Source "ChessBase"]
[SourceQuality "1"]
[TimeControl "40/5400+30:1800+30"]

1. d4 Nf6 2. c4 e6 3. Nf3 d5 4. Qc2 Be7 5. Bg5 O-O 6. e3 Nbd7 7. Nc3 c6 8. O-O-O a5 9. Kb1 b6 10. e4 dxe4 11. Ne5 Bb7 12. h4 Qe8 13. Nxe4 Nxe4 14. Qxe4 Nf6 15. Bxf6 gxf6 16. Bd3 f5 17. Qe2 Kh8 18. Bc2 Rg8 19. Ba4 Bf6 20. g4 fxg4 21. Nxg4 Qe7 22. Bc2 c5 23. d5 exd5 24. Qd3 Rg7 25. cxd5 Bd4 26. Nh6 Ba6 27. Qf5 Qf6 28. Qh5 Bxb2 29. Rh3 Bd4 30. Nf5 Rg6 31. Nxd4 Rh6 32. Rf3 Rxh5 33. Rxf6 cxd4 34. Rxd4 Rd8 35. Rxb6 Be2 36. Bb3 Kg7 37. d6 Rb5 38. Rc6 Bf3 39. Rc7 Bh5 40. d7 Kf8 41. Kc1 Bg6 42. Kd2 Ke7 43. Kc3 Bf5 44. Ba4 Rb1 45. Ra7 Rc1+ 46. Kb2 Rc5 47. Rb7 Be6 48. Bb5 Rf5 49. a4 Rxf2+ 50. Kc3 Rf3+ 51. Kd2 Kf6 52. Bd3 Ke7 53. Ra7 Rf2+ 54. Ke3 Rb2 55. Bb5 Rb3+ 56. Kd2 Rb4 57. Rxb4 axb4 58. a5 b3 59. Rb7 Kd6 60. Kc3 Bxd7 61. Bxd7 1/2-1/2

[Event "DEN-chT XtraCon 2018-19"]
[Site "Denmark"]
[Date "2018.12.09"]
[Round "4"]
[White "Nordenbaek, Jan"]
[Black "Nielsen, Thomas Bach"]
[Result "1/2-1/2"]
[ECO "B13"]
[WhiteElo "2165"]
[BlackElo "2139"]
[Annotator "ChessBase"]
[PlyCount "83"]
[EventDate "2018.10.27"]
[EventType "team-tourn"]
[EventCountry "DEN"]
[SourceTitle "playchess.com"]
[Source "ChessBase"]
[SourceQuality "1"]
[TimeControl "40/5400+30:1800+30"]

1. e4 c6 2. d4 d5 3. exd5 cxd5 4. Bd3 Nc6 5. c3 Qc7 6. Ne2 Bg4 7. O-O e6 8. Qe1 Bxe2 9. Qxe2 Bd6 10. Kh1 Nf6 11. Bg5 O-O-O 12. Na3 a6 13. Qf3 Rdg8 14. Nc2 h6 15. Bd2 Kb8 16. b4 e5 17. Qh3 e4 18. Be2 Qc8 19. Qxc8+ Rxc8 20. Rab1 Ka7 21. b5 Na5 22. Ne3 g6 23. g3 Nc4 24. Bxc4 dxc4 25. bxa6 bxa6 26. f3 Rh7 27. Ng4 Nxg4 28. fxg4 f5 29. gxf5 gxf5 30. Rxf5 Rb8 31. Rff1 h5 32. Be3 Rxb1 33. Rxb1 Rb7 34. Rxb7+ Kxb7 35. Kg2 Kc6 36. h4 Ba3 37. g4 hxg4 38. h5 Bf8 39. Kg3 Kd5 40. Kxg4 Bg7 41. Kf5 Bh8 42. h6 1/2-1/2

[Event "DEN-chT XtraCon 2018-19"]
[Site "Denmark"]
[Date "2018.12.09"]
[Round "4"]
[White "Andersen, Ib Hother"]
[Black "Haubro, Sigfred"]
[Result "1/2-1/2"]
[ECO "B01"]
[WhiteElo "2159"]
[BlackElo "2153"]
[Annotator "NA"]
[PlyCount "36"]
[EventDate "2018.10.27"]
[EventType "team-tourn"]
[EventCountry "DEN"]
[SourceTitle "playchess.com"]
[Source "ChessBase"]
[SourceQuality "1"]
[TimeControl "40/5400+30:1800+30"]

1. e4 d5 2. exd5 Qxd5 3. Nc3 Qa5 4. d4 c6 5. Nf3 Nf6 6. Bc4 Bf5 7. Bd2 Qc7 8. Ne5 e6 9. g4 Be4 10. f3 Bd5 11. Bd3 Nbd7 12. Qe2 Nxe5 13. dxe5 Nd7 14. Nxd5 cxd5 15. f4 Be7 16. O-O-O O-O-O 17. Kb1 Kb8 18. Be3 Rc8 1/2-1/2

[Event "DEN-chT XtraCon 2018-19"]
[Site "Denmark"]
[Date "2018.12.09"]
[Round "4"]
[White "Brorsen, Jacob Abildlund"]
[Black "Svenninggaard, Thomas"]
[Result "0-1"]
[ECO "B06"]
[WhiteElo "2143"]
[BlackElo "2120"]
[Annotator "NA"]
[PlyCount "110"]
[EventDate "2018.10.27"]
[EventType "team-tourn"]
[EventCountry "DEN"]
[SourceTitle "playchess.com"]
[Source "ChessBase"]
[SourceQuality "1"]
[TimeControl "40/5400+30:1800+30"]

1. e4 d6 2. d4 g6 3. Nf3 Bg7 4. Be2 c5 5. O-O cxd4 6. Nxd4 Nf6 7. Re1 O-O 8. Bf3 Nbd7 9. Nc3 Ne5 10. h3 Bd7 11. a4 Nxf3+ 12. Nxf3 Bc6 13. Nd4 Nd7 14. Ra3 a5 15. Ndb5 Nc5 16. Qe2 Re8 17. Qc4 Nxe4 18. Nc7 Qxc7 19. Rxe4 Rac8 20. Re1 Qd7 21. Qd3 d5 22. Rd1 d4 23. Nb5 e5 24. Na7 Rcd8 25. Bg5 f6 26. Nxc6 Qxc6 27. Bd2 b6 28. f3 Bf8 29. Raa1 Rc8 30. Rdc1 f5 31. Kh1 Qc4 32. b3 Qxd3 33. cxd3 Rxc1+ 34. Rxc1 Bc5 35. Re1 Kf7 36. Kg1 Re6 37. Kf2 Ke7 38. Rc1 Kd6 39. Ke2 Kd5 40. Bg5 Re8 41. Bd2 e4 42. Bf4 e3 43. Bg5 Re6 44. Rc2 Rc6 45. Rc4 Rc8 46. Bf6 Rb8 47. Rc2 b5 48. axb5 Rxb5 49. Ra2 Rxb3 50. Rxa5 Rb2+ 51. Kf1 Rb1+ 52. Ke2 Kc6 53. Ra4 Rb2+ 54. Kf1 e2+ 55. Kf2 Bb4 0-1

[Event "DEN-chT XtraCon 2018-19"]
[Site "Denmark"]
[Date "2018.12.09"]
[Round "4"]
[White "Pedersen, Lars"]
[Black "Skousen, Nikolai"]
[Result "1/2-1/2"]
[ECO "E43"]
[WhiteElo "2103"]
[BlackElo "2231"]
[Annotator "NA"]
[PlyCount "53"]
[EventDate "2018.10.27"]
[EventType "team-tourn"]
[EventCountry "DEN"]
[SourceTitle "playchess.com"]
[Source "ChessBase"]
[SourceQuality "1"]
[TimeControl "40/5400+30:1800+30"]

1. d4 Nf6 2. c4 e6 3. Nc3 Bb4 4. e3 b6 5. Nf3 Bb7 6. Bd3 Ne4 7. Qc2 f5 8. a3 Bxc3+ 9. bxc3 O-O 10. O-O d6 11. a4 a5 12. Rb1 Nd7 13. Ne1 Qe7 14. f3 Nef6 15. Ba3 g6 16. Qa2 c5 17. Qf2 Rac8 18. Qh4 Rf7 19. h3 e5 20. Qf2 e4 21. Be2 exf3 22. gxf3 Re8 23. Ng2 Qd8 24. Bd3 Rfe7 25. Bc1 Ba6 26. Qg3 Nf8 27. Kh2 1/2-1/2

[Event "DEN-chT XtraCon 2018-19"]
[Site "Denmark"]
[Date "2018.12.09"]
[Round "4"]
[White "Skjoldager, Per"]
[Black "Laursen, Niels Norskov"]
[Result "1/2-1/2"]
[ECO "B00"]
[WhiteElo "2065"]
[BlackElo "2282"]
[Annotator "NA"]
[PlyCount "80"]
[EventDate "2018.10.27"]
[EventType "team-tourn"]
[EventCountry "DEN"]
[SourceTitle "playchess.com"]
[Source "ChessBase"]
[SourceQuality "1"]
[TimeControl "40/5400+30:1800+30"]

1. e4 d6 2. Nf3 Nf6 3. Nc3 g6 4. Bc4 Bg7 5. d3 c5 6. e5 dxe5 7. Nxe5 O-O 8. O-O Nbd7 9. Bf4 Nxe5 10. Bxe5 Ng4 11. Bxg7 Qd6 12. f4 Kxg7 13. Qe2 Nh6 14. Rae1 Nf5 15. Qe5+ Qxe5 16. Rxe5 b6 17. g4 Nd4 18. g5 Bh3 19. Rf2 e6 20. Re3 Bf5 21. Nb5 Nxb5 22. Bxb5 Rac8 23. Ba6 Rc7 24. a4 Rh8 25. h4 h6 26. Rh2 Rd7 27. Bc4 Rd4 28. Rf3 hxg5 29. hxg5 Rxh2 30. Kxh2 Rd8 31. Kg2 Rh8 32. Bb5 Rh4 33. Bc6 Rg4+ 34. Kf2 Rh4 35. Ke3 Rh1 36. Rf2 Rh3+ 37. Rf3 Rh1 38. Rf2 Rh3+ 39. Rf3 Rh2 40. Rf2 Rh3+ 1/2-1/2

[Event "DEN-chT XtraCon 2018-19"]
[Site "Denmark"]
[Date "2018.12.09"]
[Round "4"]
[White "Igor Teplyi, SK."]
[Black "Hagen, Andreas Skytte"]
[Result "1/2-1/2"]
[ECO "A05"]
[WhiteElo "1968"]
[BlackElo "2368"]
[Annotator "NA"]
[PlyCount "67"]
[EventDate "2018.10.27"]
[EventType "team-tourn"]
[EventCountry "DEN"]
[SourceTitle "playchess.com"]
[Source "ChessBase"]
[SourceQuality "1"]
[TimeControl "40/5400+30:1800+30"]

1. Nf3 Nf6 2. g3 g6 3. Bg2 Bg7 4. O-O O-O 5. d4 d6 6. a4 c6 7. a5 Qc7 8. c4 Na6 9. Nc3 e5 10. e4 exd4 11. Nxd4 Ng4 12. h3 Ne5 13. Qe2 Nc5 14. Rd1 Re8 15. Be3 Be6 16. Nxe6 Rxe6 17. Ra3 Ned7 18. b4 Bxc3 19. bxc5 Bb4 20. cxd6 Bxd6 21. Rad3 Ne5 22. c5 Bf8 23. R3d2 Qxa5 24. f4 Bxc5 25. fxe5 Bxe3+ 26. Qxe3 Qxe5 27. Rd7 Re7 28. Qa3 Rae8 29. Qxa7 Qxg3 30. Qxb7 Rxd7 31. Qxd7 Rxe4 32. Qxc6 Re1+ 33. Rxe1 Qxe1+ 34. Kh2 1/2-1/2

[Event "DEN-chT XtraCon 2018-19"]
[Site "Denmark"]
[Date "2018.12.09"]
[Round "4"]
[White "Andersen, Bjarne Hjorth"]
[Black "Radovic, Slobodan"]
[Result "1/2-1/2"]
[ECO "B00"]
[WhiteElo "1928"]
[BlackElo "1553"]
[Annotator "NA"]
[PlyCount "82"]
[EventDate "2018.10.27"]
[EventType "team-tourn"]
[EventCountry "DEN"]
[SourceTitle "playchess.com"]
[Source "ChessBase"]
[SourceQuality "1"]
[TimeControl "40/5400+30:1800+30"]

1. e4 d6 2. d4 f5 3. Nc3 Nf6 4. Bd3 fxe4 5. Nxe4 Nc6 6. Nxf6+ exf6 7. Qh5+ Ke7 8. Qe2+ Kf7 9. c3 g6 10. Nf3 Bg7 11. O-O Re8 12. Be3 Ne7 13. Rae1 Bf5 14. Bc4+ d5 15. Bb3 c6 16. Qd2 g5 17. h4 g4 18. Nh2 h5 19. g3 Bg6 20. Bf4 Qd7 21. Re2 Nf5 22. Rfe1 Rxe2 23. Rxe2 Re8 24. Nf1 Rxe2 25. Qxe2 Qe6 26. Qd2 Nd6 27. Bxd6 Qxd6 28. Bc2 Qe6 29. Ne3 Bh6 30. Bxg6+ Kxg6 31. Qd3+ Qe4 32. Qxe4+ dxe4 33. Nc4 b6 34. b3 Bf8 35. Kf1 Kf5 36. Ne3+ Ke6 37. c4 f5 38. Ke2 Bg7 39. d5+ cxd5 40. cxd5+ Ke5 41. d6 Bf6 1/2-1/2

[Event "DEN-chT XtraCon 2018-19"]
[Site "Denmark"]
[Date "2018.12.09"]
[Round "4"]
[White "Sorensen, Jens Kristian"]
[Black "Hestehauge, Klaus"]
[Result "1/2-1/2"]
[ECO "A51"]
[WhiteElo "1908"]
[BlackElo "1928"]
[Annotator "NA"]
[PlyCount "40"]
[EventDate "2018.10.27"]
[EventType "team-tourn"]
[EventCountry "DEN"]
[SourceTitle "playchess.com"]
[Source "ChessBase"]
[SourceQuality "1"]
[TimeControl "40/5400+30:1800+30"]

1. d4 Nf6 2. c4 e5 3. dxe5 Ne4 4. a3 Nc6 5. Nf3 d6 6. exd6 Bxd6 7. e3 Qf6 8. Nbd2 Bf5 9. Nxe4 Bxe4 10. Bd3 Bxd3 11. Qxd3 O-O-O 12. Qc2 g5 13. c5 Be7 14. Bd2 Rhe8 15. Bc3 Qe6 16. b4 g4 17. Nd2 f5 18. O-O-O Bf6 19. Nb3 Bxc3 20. Qxc3 Qe4 1/2-1/2

[Event "DEN-chT XtraCon 2018-19"]
[Site "Denmark"]
[Date "2018.12.09"]
[Round "4"]
[White "Krogh, Peter Ove"]
[Black "Christensen, Benny"]
[Result "1-0"]
[ECO "D53"]
[WhiteElo "1796"]
[BlackElo "1723"]
[Annotator "NA"]
[PlyCount "105"]
[EventDate "2018.10.27"]
[EventType "team-tourn"]
[EventCountry "DEN"]
[SourceTitle "playchess.com"]
[Source "ChessBase"]
[SourceQuality "1"]
[TimeControl "40/5400+30:1800+30"]

1. c4 Nf6 2. d4 d5 3. Nc3 e6 4. Bg5 Be7 5. e3 c6 6. Nf3 Nbd7 7. Qc2 O-O 8. b3 Re8 9. Bd3 h6 10. Bh4 Bf8 11. O-O b6 12. h3 Bb7 13. e4 e5 14. Nxe5 Nxe5 15. dxe5 Rxe5 16. exd5 cxd5 17. Bg3 Re8 18. Rad1 Rc8 19. Bf5 Rc5 20. Qd3 Qa8 21. Na4 dxc4 22. Qb1 Ra5 23. Bc2 Be4 24. Nc3 Bxc2 25. Qxc2 cxb3 26. Qxb3 Qc6 27. a4 Rc5 28. Nb5 a6 29. Nd4 Qb7 30. Rb1 Ne4 31. Qxb6 Qxb6 32. Rxb6 Nxg3 33. fxg3 Rc4 34. Nb3 Rxa4 35. Kh2 Ra2 36. Nc1 Ra1 37. Rc6 a5 38. Kg1 a4 39. Kf2 a3 40. Rd1 Rb1 41. Rd2 Reb8 42. Na2 R1b2 43. Ke2 g6 44. Rdc2 R8b3 45. g4 Kg7 46. Kd1 Be7 47. Nc1 Rb1 48. Ra2 Bg5 49. Rac2 R3b2 50. h4 Bf6 51. Ra6 Rxc2 52. Kxc2 Bb2 53. Kxb1 1-0

[Event "DEN-chT XtraCon 2018-19"]
[Site "Denmark"]
[Date "2018.12.09"]
[Round "4"]
[White "Kuhnrich, Soren"]
[Black "Smidt-Nielsen, Henrik"]
[Result "0-1"]
[ECO "E85"]
[WhiteElo "1722"]
[BlackElo "1990"]
[Annotator "NA"]
[PlyCount "112"]
[EventDate "2018.10.27"]
[EventType "team-tourn"]
[EventCountry "DEN"]
[SourceTitle "playchess.com"]
[Source "ChessBase"]
[SourceQuality "1"]
[TimeControl "40/5400+30:1800+30"]

1. d4 Nf6 2. c4 g6 3. Nc3 Bg7 4. e4 d6 5. f3 O-O 6. Be3 e5 7. Nge2 Nc6 8. Qd2 exd4 9. Nxd4 Nxd4 10. Bxd4 Be6 11. O-O-O a6 12. g4 b5 13. c5 dxc5 14. Bxc5 Qxd2+ 15. Kxd2 Rfd8+ 16. Kc2 Rxd1 17. Kxd1 Nd7 18. Be7 Re8 19. Bg5 Nb6 20. a3 Nc4 21. Kc2 c6 22. Bxc4 Bxc4 23. Re1 a5 24. b3 Be6 25. Rd1 f6 26. Bf4 Bf8 27. Bd6 Rd8 28. Bxf8 Rxd1 29. Nxd1 Kxf8 30. Nb2 Ke7 31. Nd3 Kd6 32. h3 g5 33. Kc3 c5 34. a4 b4+ 35. Kc2 c4 36. bxc4 Bxc4 37. Nb2 Be2 38. Kd2 Bxf3 39. Ke3 Bg2 40. Nc4+ Kc5 41. Nxa5 Bxh3 42. Nb3+ Kb6 43. Kf3 Bf1 44. e5 fxe5 45. Ke4 Bc4 46. Nd2 Be6 47. Nf3 Bxg4 48. Nxe5 Bd1 49. Nc4+ Kc5 50. Ne3 Bxa4 51. Kd3 h5 52. Ng2 Bb5+ 53. Kc2 h4 54. Ne3 h3 55. Ng4 Bd7 56. Ne3 h2 0-1

[Event "DEN-chT XtraCon 2018-19"]
[Site "Denmark"]
[Date "2018.12.09"]
[Round "4"]
[White "Holbæk III 5Rasmussen, Gudmund"]
[Black "Carlsen, Erik"]
[Result "0-1"]
[ECO "A30"]
[WhiteElo "1589"]
[BlackElo "1890"]
[Annotator "NA"]
[PlyCount "50"]
[EventDate "2018.10.27"]
[EventType "team-tourn"]
[EventCountry "DEN"]
[SourceTitle "playchess.com"]
[Source "ChessBase"]
[SourceQuality "1"]
[TimeControl "40/5400+30:1800+30"]

1. c4 c5 2. d3 Nf6 3. Nf3 d5 4. cxd5 Nxd5 5. e4 Nb6 6. Nc3 Nc6 7. Be2 e5 8. O-O Be7 9. a3 O-O 10. h3 Be6 11. Qd2 f6 12. Bd1 Qd7 13. Ne1 Rfd8 14. b3 Rac8 15. Rb1 Qe8 16. Qe3 Rc7 17. f4 exf4 18. Rxf4 Rcd7 19. Bg4 Bxg4 20. Rxg4 Ne5 21. Rg3 Nxd3 22. Qh6 Qf7 23. Qe3 c4 24. Kf1 Bc5 25. Qh6 Bf2 0-1

[Event "DEN-chT XtraCon 2018-19"]
[Site "Denmark"]
[Date "2018.12.09"]
[Round "4"]
[White "Dalgaard, Mads"]
[Black "Meskenas, Paulius"]
[Result "0-1"]
[ECO "D00"]
[WhiteElo "1303"]
[BlackElo "1763"]
[Annotator "NA"]
[PlyCount "46"]
[EventDate "2018.10.27"]
[EventType "team-tourn"]
[EventCountry "DEN"]
[SourceTitle "playchess.com"]
[Source "ChessBase"]
[SourceQuality "1"]
[TimeControl "40/5400+30:1800+30"]

1. d4 d5 2. Bf4 Bf5 3. Nc3 a6 4. g3 Nc6 5. a3 Nf6 6. Bg2 e6 7. e3 Bd6 8. Nge2 Bg4 9. h3 Bh5 10. g4 Bg6 11. Bg5 Be7 12. Bxf6 Bxf6 13. Bf3 b5 14. b4 O-O 15. h4 Bxh4 16. Nf4 Bg5 17. Nxg6 hxg6 18. Qe2 f5 19. O-O-O Qf6 20. a4 Nxd4 21. Qd3 Nxf3 22. axb5 axb5 23. Nxb5 Qa1# 0-1

[Event "DEN-chT XtraCon 2018-19"]
[Site "Denmark"]
[Date "2019.01.12"]
[Round "5"]
[White "Glud, Jakob Vang"]
[Black "Mikkelsen, Nikolaj"]
[Result "1/2-1/2"]
[ECO "A10"]
[WhiteElo "2546"]
[BlackElo "2458"]
[Annotator "ChessBase"]
[PlyCount "41"]
[EventDate "2018.10.27"]
[EventType "team-tourn"]
[EventCountry "DEN"]
[SourceTitle "playchess.com"]
[Source "ChessBase"]
[SourceQuality "1"]
[TimeControl "40/5400+30:1800+30"]

1. c4 g6 2. g3 Bg7 3. Bg2 e5 4. Nc3 d6 5. e4 Nf6 6. Nge2 O-O 7. O-O c6 8. d3 a6 9. Be3 b5 10. h3 b4 11. Nb1 Nbd7 12. Nd2 Bb7 13. a3 a5 14. axb4 axb4 15. Rxa8 Qxa8 16. Nb3 d5 17. Qd2 dxc4 18. Ra1 Qc8 19. dxc4 c5 20. Qc2 Qc7 21. f3 1/2-1/2

[Event "DEN-chT XtraCon 2018-19"]
[Site "Denmark"]
[Date "2019.01.12"]
[Round "5"]
[White "Ochsner, Bjorn Moller"]
[Black "Aagaard, Jacob"]
[Result "1/2-1/2"]
[ECO "B30"]
[WhiteElo "2447"]
[BlackElo "2470"]
[Annotator "ChessBase"]
[PlyCount "38"]
[EventDate "2018.10.27"]
[EventType "team-tourn"]
[EventCountry "DEN"]
[SourceTitle "playchess.com"]
[Source "ChessBase"]
[SourceQuality "1"]
[TimeControl "40/5400+30:1800+30"]

1. e4 c5 2. Nf3 Nc6 3. Bb5 Na5 4. c3 e6 5. O-O a6 6. Be2 b5 7. d4 cxd4 8. cxd4 Bb7 9. Bd3 d6 10. Qe2 Nf6 11. Nbd2 Be7 12. Rd1 Nd7 13. Nf1 O-O 14. Ng3 Re8 15. Bf4 Nc6 16. Be3 g6 17. a4 bxa4 18. Rxa4 Nb6 19. Raa1 Nb4 1/2-1/2

[Event "DEN-chT XtraCon 2018-19"]
[Site "Denmark"]
[Date "2019.01.12"]
[Round "5"]
[White "Hansen, Mads"]
[Black "Laursen, Niels Norskov"]
[Result "1-0"]
[ECO "B08"]
[WhiteElo "2403"]
[BlackElo "2276"]
[Annotator "NA"]
[PlyCount "85"]
[EventDate "2018.10.27"]
[EventType "team-tourn"]
[EventCountry "DEN"]
[SourceTitle "playchess.com"]
[Source "ChessBase"]
[SourceQuality "1"]
[TimeControl "40/5400+30:1800+30"]

1. e4 d6 2. d4 Nf6 3. Nc3 g6 4. Nf3 Bg7 5. Be2 O-O 6. O-O Bg4 7. Be3 Nc6 8. d5 Bxf3 9. Bxf3 Ne5 10. Be2 c6 11. f4 Ned7 12. dxc6 bxc6 13. Rb1 Qc7 14. Qd2 Rab8 15. a3 Nb6 16. Rfd1 d5 17. e5 Nfd7 18. b4 e6 19. Qe1 f6 20. exf6 Bxf6 21. a4 Rbe8 22. a5 Nc8 23. Qd2 Nd6 24. Kh1 Kh8 25. Bd4 Bxd4 26. Qxd4+ e5 27. fxe5 Nf5 28. Qd2 Rxe5 29. Rf1 Nf6 30. Bf3 Ne3 31. Rf2 Qe7 32. h3 g5 33. Kg1 Rg8 34. Qd4 g4 35. hxg4 Nfxg4 36. Re1 Qg7 37. Bxg4 Nxg4 38. Rxe5 Nxe5 39. Kf1 Qg3 40. Ne2 Qh2 41. Ng1 Rg4 42. Qxa7 Nf3 43. Nxf3 1-0

[Event "DEN-chT XtraCon 2018-19"]
[Site "Denmark"]
[Date "2019.01.12"]
[Round "5"]
[White "Bromann, Thorbjorn"]
[Black "Pedersen, Nicolai Vesterbaek"]
[Result "1-0"]
[ECO "A45"]
[WhiteElo "2390"]
[BlackElo "2392"]
[Annotator "NA"]
[PlyCount "73"]
[EventDate "2018.10.27"]
[EventType "team-tourn"]
[EventCountry "DEN"]
[SourceTitle "playchess.com"]
[Source "ChessBase"]
[SourceQuality "1"]
[TimeControl "40/5400+30:1800+30"]

1. d4 Nf6 2. Nc3 d5 3. Bf4 a6 4. e3 e6 5. a3 c5 6. Nf3 b5 7. Ne5 Bb7 8. Nd3 c4 9. Ne5 Nbd7 10. Be2 Nxe5 11. Bxe5 b4 12. axb4 Bxb4 13. O-O O-O 14. Na4 Nd7 15. c3 Nxe5 16. cxb4 Nc6 17. Nc5 Rb8 18. Ra4 Bc8 19. b3 Rxb4 20. bxc4 dxc4 21. Bxc4 a5 22. Nd3 Rb6 23. Nc5 Rb4 24. Rxb4 Nxb4 25. Qa4 Qc7 26. Rc1 Qb6 27. Nb3 Nc6 28. Bb5 Na7 29. Bf1 Bb7 30. Nxa5 Bd5 31. Nc4 Qc7 32. Ra1 Nc8 33. Qa5 Qb7 34. Qc5 Rd8 35. Na5 Qb2 36. Rc1 Nd6 37. Qxd6 1-0

[Event "DEN-chT XtraCon 2018-19"]
[Site "Denmark"]
[Date "2019.01.12"]
[Round "5"]
[White "Skytte, Rasmus"]
[Black "Haubro, Martin"]
[Result "0-1"]
[ECO "D30"]
[WhiteElo "2382"]
[BlackElo "2321"]
[Annotator "NA"]
[PlyCount "88"]
[EventDate "2018.10.27"]
[EventType "team-tourn"]
[EventCountry "DEN"]
[SourceTitle "playchess.com"]
[Source "ChessBase"]
[SourceQuality "1"]
[TimeControl "40/5400+30:1800+30"]

1. d4 d5 2. c4 e6 3. Nf3 c6 4. Nbd2 Nf6 5. e3 Nbd7 6. b3 Ne4 7. Nxe4 dxe4 8. Nd2 f5 9. Bb2 Bd6 10. Qh5+ g6 11. Qh6 Bf8 12. Qh3 Bg7 13. f3 exf3 14. Nxf3 Qa5+ 15. Kd1 O-O 16. Kc2 Re8 17. Bc3 Qc7 18. Bd3 e5 19. c5 b5 20. cxb6 Nxb6 21. Ba5 Qe7 22. Nxe5 Bxe5 23. dxe5 Be6 24. Bc3 Nd5 25. Rac1 Nxc3 26. Kxc3 Qc5+ 27. Kb2 Qxe5+ 28. Rc3 a5 29. Qh6 Bd5 30. Rhc1 a4 31. Qf4 axb3 32. axb3 Qe7 33. Bc4 Qa3+ 34. Kc2 Qa2+ 35. Kd1 Rad8 36. Rd3 Qxg2 37. Rc2 Qg1+ 38. Kd2 Bxc4 39. Qxc4+ Kg7 40. Qc3+ Kh6 41. Rd4 c5 42. Rxd8 Rxd8+ 43. Ke2 Rd1 44. Qxc5 Qf1# 0-1